 Dungeon Crawl Stone Soup version 0.31-a0-640-g39d97e502b (webtiles) character file.

Game seed: 1884316117921846937

2 GordonOverkill the Sneak (level 1, -6/11 HPs)
             Began as a Vine Stalker Delver on Aug 28, 2023.
             Mangled by a kobold brigand
             ... wielding a +0 club
              (7 damage)
             ... on level 8 of the Dungeon.
             The game lasted 00:01:44 (401 turns).

GordonOverkill the Sneak (Vine Stalker Delver)       Turns: 401, Time: 00:01:45

Health: -6/11      AC:  3    Str: 14    XL:     1   Next: 30%
Magic:  0/2        EV: 11    Int: 10    God:
Gold:   5          SH:  0    Dex: 15    Spells: 0/0 levels left

rFire   . .          .
                       - Unarmed
rCold   . . .        (no shield)
rNeg    . . .        a - +0 leather armour
rPois   .            (no helmet)
rElec   .            (no cloak)
rCorr   .            (no gloves)
SInv    .            (no boots)
Will    .....        (no amulet)
Stlth   +++          (no ring)
HPRegen 0.21/turn    (no ring)
MPRegen 0.08/turn

%: guardian spirit
@: hasted, very quick
A: fangs 2, magic shield, antimagic bite, no potion heal 2
a: no special abilities


You were on level 8 of the Dungeon.
You visited 1 branch of the dungeon, and saw 4 of its levels.

You collected 5 gold pieces.

Inventory:

Armour
 a - a +0 leather armour (worn)
Wands
 f - a wand of digging (3)
Scrolls
 b - a scroll of fog
 c - a scroll of revelation
 g - 4 scrolls of identify {unknown}


   Skills:
 + Level 2.7 Fighting
 - Level 1.5 Dodging
 - Level 6.0 Stealth
 + Level 2.1 Unarmed Combat


You couldn't memorise any spells.
You didn't know any spells.
Your spell library was empty.

Dungeon Overview and Level Annotations

Branches:
Dungeon (8/15)
 Temple: D:4-7         Lair: D:8-11

Altars:
Nemelex Xobeh

Annotations:
D:6 exclusions: 2 iguanas, orc and orc wizard


Innate Abilities, Weirdness & Mutations

You have extremely sharp teeth.
When hurt, damage is shared between your health and your magic reserves.
Your bite disrupts and absorbs the magic of your enemies.
Potions cannot restore your health.


Message History

Unknown command.
You miss the kobold.
The kobold shouts!
You bite the kobold.
You kill the kobold!
You hit the kobold. Your bite misses the kobold.
The kobold is moderately wounded.
You barely miss the kobold. Your bite misses the kobold.
The kobold is moderately wounded.
The kobold barely misses you.
You hit the kobold but do no damage.
The kobold is moderately wounded.
The kobold barely misses you.
You closely miss the kobold.
The kobold is moderately wounded.
You hit the kobold.
You kill the kobold!
You hit the kobold brigand but do no damage.
Your bite misses the kobold brigand.
The kobold brigand hits you with a +0 club!
Ouch! That really hurt!
* * * LOW HITPOINT WARNING * * *
You hit the kobold brigand. You bite the kobold brigand. You drain its power.
You feel invigorated.
The kobold brigand is lightly wounded.
You closely miss the kobold brigand.
The kobold brigand is lightly wounded.
The kobold brigand closely misses you.
You hit the kobold brigand but do no damage.
The kobold brigand is lightly wounded.
The kobold brigand hits you with a +0 club.
* * * LOW HITPOINT WARNING * * *
You barely miss the kobold brigand.
The kobold brigand is lightly wounded.
You hit the kobold brigand but do no damage.
Your bite misses the kobold brigand.
The kobold brigand is lightly wounded.
The kobold brigand hits you with a +0 club!
Ouch! That really hurt!
You die...

#.....#..........#
.._..#..###.....#
.....#.## #.....#
.#.###.#.# #######
.........#######
.#######.......#
........#####.#
#.####.....##K####.
##.##.@KK.K...
#.#####K####. #.. #
###


You could see a kobold brigand and 4 kobolds.

Vanquished Creatures
  2 kobolds (D:8)
2 creatures vanquished.

Notes
Turn   | Place    | Note
-------+----------+-------------------------------------------
     0 | D:5      | GordonOverkill the Vine Stalker Delver began the quest for
                  | the Orb.
     0 | D:5      | Reached XP level 1. HP: 11/11 MP: 2/2
    69 | D:5      | Noticed a phantom
   114 | D:5      | Noticed an orc wizard
   119 | D:5      | Noticed a yak
   120 | D:5      | Noticed a yak
   120 | D:5      | Noticed a yak
   120 | D:5      | Noticed a yak
   121 | D:5      | Noticed a yak
   121 | D:5      | Noticed a yak
   172 | D:6      | Noticed an iguana
   180 | D:6      | Noticed an orc wizard
   195 | D:6      | Noticed an iguana
   242 | D:7      | Noticed a wight
   289 | D:7      | Noticed a bullfrog
   353 | D:8      | Found a sparkling altar of Nemelex Xobeh.
   384 | D:8      | Noticed a kobold brigand
   401 | D:8      | Mangled by a kobold brigand

Illustrated notes

Levels and vault maps discovered:
D:5:      layout_cave_pods, minmay_temple_entry_proselytizer,
          minmay_fractal_squares_5, uniq_pikel
D:6:      layout_basic, mainiacjoe_overflow_brackets,
          nicolae_overflow_hidden_temple
D:7:      layout_basic, serial_shops, nicolae_shop_behind_doors
D:8:      layout_loops_cross, mainiacjoe_overflow_cross_hatched,
          nicolae_tso_besieged_by_evil, kennysheep_cluttered_room

Action                     || total
---------------------------++-------
  Melee: Unarmed           ||    13
         Bite              ||     3
    Use: Potion            ||     2
         Scroll            ||     1
 Armour: Leather armour    ||     2
  Dodge: Dodged            ||     5

Table legend: (Time is in decaauts)
 A = Elapsed time spent in this place.
 B = Non-inter-level travel time spent in this place.
 C = Inter-level travel time spent in this place.
 D = Time resting spent in this place.
 E = Time spent auto-exploring this place.
 F = Levels seen in this place.
 G = Mean time per level.
                   A        B        C        D        E       F      G
               +--------+--------+--------+--------+--------+-----+--------+
         Total |    397 |    371 |     26 |     23 |     86 |   4 |   99.2 |
       Dungeon |    397 |    371 |     26 |     23 |     86 |   4 |   99.2 |
               +--------+--------+--------+--------+--------+-----+--------+

Top non-repeatable levels by time:
     D:7: 129 daAuts
     D:6: 118 daAuts
     D:5: 87 daAuts
     D:8: 62 daAuts
